 Dungeon Sprint DCSS version 0.21-a0-278-ga722497 (webtiles) character file.

167 Kidiri the Insei (level 5, -4/48 HPs)
             Began as a Draconian Monk on Sept 20, 2017.
             Was an Elder of Wu Jian.
             Slain by a gnoll
             ... wielding a +5 spear
              (9 damage)
             ... in the Dungeon (Sprint VII: "The Pits").
             The game lasted 00:02:58 (609 turns).

Kidiri the Insei (Draconian Monk)                    Turns: 609, Time: 00:02:58

Health: -4/48      AC:  5    Str: 14    XL:     5   Next: 23%
Magic:  5/5        EV: 15    Int: 10    God:    Wu Jian [****..]
Gold:   0          SH:  0    Dex: 14    Spells: 4/4 levels left

rFire    . . .     SeeInvis .     - Unarmed
rCold    . . .     Gourm    .   (no shield)
rNeg     . . .     Faith    .   (armour unavailable)
rPois    .         Spirit   .   (helmet restricted)
rElec    .         Reflect  .   (no cloak)
rCorr    .         Harm     .   (no gloves)
MR       .....     NoTele   +   (no boots)
Stlth    +++.......             (no amulet)
HPRegen  0.16/turn              (no ring)
MPRegen  0.09/turn              (no ring)

@: exhausted
A: unfitting armour, cold-blooded, AC +5
a: Serpent's Lash, Renounce Religion


You were in the Dungeon.
You worshipped Wu Jian.
Wu Jian was greatly pleased with you.
You were not hungry.

You visited 1 branch

Inventory:

Scrolls
 g - a scroll of blinking
 j - 3 scrolls of remove curse
 k - 5 scrolls of amnesia
 l - a scroll of summoning
Potions
 b - 5 potions of heal wounds
 c - 5 potions of curing
 d - a potion of haste
 e - 4 potions of magic
 f - 3 potions of berserk rage
 i - 2 potions of invisibility
Comestibles
 a - 8 bread rations
 m - 40 fruits
 n - 7 meat rations


   Skills:
 + Level 5.4 Fighting
 + Level 3.4 Throwing
 * Level 6.0 Dodging
 + Level 4.1 Stealth
 * Level 6.4 Unarmed Combat


You had 4 spell levels left.
You didn't know any spells.

Dungeon Overview and Level Annotations

Branches:
Dungeon (1/1)

Altars:
Ashenzari
Cheibriados
Dithmenos
Elyvilon
Fedhas
Gozag
Hepliaklqana
Kikubaaqudgha
Makhleb
Nemelex Xobeh
Okawaru
Qazlal
Ru
Sif Muna
Trog
Uskayaw
Vehumet
Wu Jian
Xom
Yredelemnul
Zin
The Shining One
Beogh
Jiyva
Lugonu


Innate Abilities, Weirdness & Mutations

Your plain brown scales are hard. (AC +5)
You cannot fit into any form of body armour.
You are cold-blooded and may be slowed by cold attacks.


Message History

The gnoll shouts!
You punch the battlesphere!
The battlesphere is almost destroyed.
You spin and attack the water moccasin.
You hit the water moccasin. You tail-slap the water moccasin.
The water moccasin is lightly wounded.
The gnoll hits you from afar with an enchanted spear.
The water moccasin closely misses you.
A gnoll sergeant comes into view. It is wielding a trident.
You lunge at the gnoll.
You punch the gnoll!
The gnoll is severely wounded.
You spin and attack the water moccasin.
You hit the water moccasin.
The water moccasin is lightly wounded.
You spin and attack the deep elf mage repeatedly.
You barely miss the deep elf mage. x2; The water moccasin closely misses you.
The deep elf mage hits you with a rapier.
The gnoll sergeant hits you from afar with a trident!
* * * LOW HITPOINT WARNING * * *
The gnoll hits you with an enchanted spear!
You die...

#.#..#...#.#####+##
#.#..#####.##......
#.#..+...#.##......
#.#..+...+.##......
#.#..########...<..
#.#..+.)))[##......
#*#..#.)))[##......
#'###########......
#.@gYgw.# #######
#eS#g#..# #g## #
#.. #.## #.. #..
###


You could see a deep elf mage, a water moccasin, a sky beast, a gnoll sergeant,
a worm, a battlesphere and 3 gnolls.

Vanquished Creatures
  A floating eye (D)
  2 worker ants (D)
  An adder (D)
  A giant cockroach (D)
  A hobgoblin (D)
  3 jackals (D)
  A quokka (D)
  A bat (D)
11 creatures vanquished.

Notes
Turn   | Place    | Note
-------+----------+-------------------------------------------
     0 | D        | Kidiri the Draconian Monk began the quest for the Orb.
     0 | D        | Reached XP level 1. HP: 19/19 MP: 1/1
    47 | D        | Found a bloodstained altar of Trog.
    47 | D        | Found a deep blue altar of Sif Muna.
    47 | D        | Found a viscous altar of Jiyva.
    47 | D        | Found a hazy altar of Hepliaklqana.
    47 | D        | Found an opulent altar of Gozag.
    48 | D        | Found a glowing golden altar of the Shining One.
    48 | D        | Found a glowing silver altar of Zin.
    48 | D        | Found a basalt altar of Yredelemnul.
    48 | D        | Found a shimmering altar of Xom.
    48 | D        | Found an ornate altar of the Wu Jian Council.
    48 | D        | Found a sacrificial altar of Ru.
    48 | D        | Found a stormy altar of Qazlal.
    48 | D        | Found an iron altar of Okawaru.
    48 | D        | Found a sparkling altar of Nemelex Xobeh.
    48 | D        | Found a burning altar of Makhleb.
    48 | D        | Found a blossoming altar of Fedhas.
    48 | D        | Found a white marble altar of Elyvilon.
    48 | D        | Found a shadowy altar of Dithmenos.
    48 | D        | Found a snail-covered altar of Cheibriados.
    50 | D        | Found a radiant altar of Vehumet.
    50 | D        | Found a corrupted altar of Lugonu.
    50 | D        | Found a roughly hewn altar of Beogh.
    51 | D        | Found a hide-covered altar of Uskayaw.
    51 | D        | Found an ancient bone altar of Kikubaaqudgha.
    51 | D        | Found a shattered altar of Ashenzari.
    57 | D        | Became a worshipper of the Wu Jian Council
    57 | D        | Reached * piety under Wu Jian
    57 | D        | Reached ** piety under Wu Jian
    98 | D        | Reached skill level 1 in Throwing
    99 | D        | Reached *** piety under Wu Jian
   193 | D        | Noticed a worker ant
   224 | D        | Killed a worker ant
   224 | D        | Reached XP level 2. HP: 27/27 MP: 2/2
   224 | D        | Reached XP level 3. HP: 33/33 MP: 3/3
   347 | D        | Noticed a floating eye
   354 | D        | Paralysed by a floating eye for 4 turns
   363 | D        | Killed a floating eye
   363 | D        | Reached **** piety under Wu Jian
   363 | D        | Reached skill level 5 in Fighting
   363 | D        | Reached skill level 5 in Dodging
   363 | D        | Reached XP level 4. HP: 20/42 MP: 4/4
   363 | D        | Reached XP level 5. HP: 22/48 MP: 5/5
   600 | D        | Noticed a water moccasin
   600 | D        | Noticed a deep elf mage
   604 | D        | Noticed a sky beast
   609 | D        | Slain by a gnoll

Vault maps used:
D:        pitsprint

Skill      XL: |  1  2  3  4  5 |
---------------+----------------+-----
Dodging        | 4 5 6 |  6.0
Stealth        | 2 4 |  4.1
Throwing       | 1 3 |  3.4
Unarmed Combat | 4 6 |  6.4
Fighting       | 5 |  5.4

Action                   |  1- 3 |  4- 6 || total
-------------------------+-------+-------++-------
Melee: Unarmed           |    79 |    19 ||    98
       Tailslap          |     8 |     2 ||    10
       Punch             |     3 |     1 ||     4
Invok: Serpent's Lash    |       |     1 ||     1
  Use: Potion            |     2 |       ||     2
 Stab: Sleeping          |     4 |       ||     4
       Distracted        |       |     1 ||     1
Armor: Skin              |    17 |       ||    17
Dodge: Dodged            |    50 |     9 ||    59

Table legend:
 A = Spawn XP
 B = Non-spawn XP
 C = Spawn XP percentage of total XP
 D = Spawn monster count
 E = Non-spawn monster count
 F = Spawn count percentage of total count
 G = Total turns spent on level
                    A         B        C        D         E        F      G
               +---------+---------+-------+---------+---------+-------+---------
         Total |       0 |     239 |   0.0 |       0 |      11 |   0.0 |   609
               +---------+---------+-------+---------+---------+-------+---------
             D |       0 |     239 |   0.0 |       0 |      11 |   0.0 |   609
               +---------+---------+-------+---------+---------+-------+---------
